 Dungeon Crawl Stone Soup version 0.21.0-3-g78d12a8 (webtiles) character file.

6620 Gorglomux the Fighter (level 11, -4/138 HPs)
             Began as a Formicid Gladiator on Jan 10, 2018.
             Was a Priest of Okawaru.
             Killed from afar by a molten gargoyle (29 damage)
             ... with a bolt of magma
             ... on level 10 of the Dungeon.
             The game lasted 00:16:03 (11286 turns).

Gorglomux the Fighter (Formicid Gladiator)         Turns: 11286, Time: 00:16:04

Health: -4/138     AC: 25    Str: 23    XL:     11   Next: 22%
Magic:  11/12      EV:  2    Int:  7    God:    Okawaru [***...]
Gold:   460        SH:  0    Dex: 12    Spells: 10/10 levels left

rFire    . . .     SeeInvis .   b - +0 war axe
rCold    . . .     Gourm    .   (no shield)
rNeg     + + +     Faith    .   (armour currently unavailable)
rPois    +         Spirit   .   (helmet unavailable)
rElec    .         Reflect  .   (cloak currently unavailable)
rCorr    .         Harm     .   (gloves currently unavailable)
MR       +....                  (boots currently unavailable)
Stlth    +++.......             (no amulet)
HPRegen  0.33/turn              (no ring)
MPRegen  0.13/turn              (no ring)

@: tree-form, heroism
A: permanent stasis, dig shafts and tunnels, four strong arms
a: Heroism, Renounce Religion


You were on level 10 of the Dungeon.
You worshipped Okawaru.
Okawaru was most pleased with you.
You were not hungry.
You were a tree.
You visited 2 branches of the dungeon, and saw 11 of its levels.

You collected 460 gold pieces.

Inventory:

Hand Weapons
 a - a +2 rapier of venom
 b - a +0 war axe (weapon)
 U - a +0 dagger of venom
Missiles
 S - 6 javelins (quivered)
 Z - 3 throwing nets
Armour
 C - a +2 pair of gloves (melded)
 M - a +0 pair of boots (melded)
 W - a +0 chain mail (melded)
Jewellery
 x - a cursed ring of loudness {unknown}
Scrolls
 y - a scroll of enchant weapon {unknown}
 z - 2 scrolls of random uselessness {unknown}
 B - 2 scrolls of magic mapping {unknown}
 D - 2 scrolls of amnesia {unknown}
 E - a scroll of noise {unknown}
 H - 3 scrolls of fear
 I - a scroll of enchant armour {unknown}
 K - 2 scrolls of blinking {unknown}
 L - 6 scrolls of fog
 O - 2 scrolls of teleportation {unknown}
 P - 2 scrolls of immolation {unknown}
 R - 4 scrolls of identify
 V - 9 scrolls of remove curse
Potions
 A - 2 potions of heal wounds
 F - 3 potions of brilliance
 J - 2 potions of mutation {!q}
 N - a potion of might
 Q - 2 potions of curing
 T - a potion of invisibility
 X - a potion of ambrosia {unknown}
 Y - a potion of lignification
Books
 G - a book of Misfortune

   Spells                             Type                      Level
   a - Confusing Touch                Hexes                        1
   b - Confuse                        Hexes                        3
   c - Gell's Gravitas                Translocation                3
   d - Petrify                        Transmutation/Earth          4
   e - Metabolic Englaciation         Hexes/Ice                    5
   f - Yara's Violent Unravelling     Hexes/Transmutation          5
Comestibles
 d - 16 rations
 w - 3 chunks of flesh


   Skills:
 + Level 10.4(15.4) Fighting
 + Level 9.9(14.9) Axes
 - Level 2.0(7.0) Throwing
 + Level 10.2(15.2) Armour
 - Level 2.6(7.6) Dodging
 - Level 2.2 Invocations


You had 10 spell levels left.
You didn't know any spells.

Dungeon Overview and Level Annotations

Branches:
Dungeon (10/15)            Temple (1/1) D:6             Orc (0/2) D:9
   Lair: D:8-11

Altars:
Ashenzari
Cheibriados
Dithmenos
Elyvilon
Fedhas
Gozag
Hepliaklqana
Kikubaaqudgha
Makhleb
Nemelex Xobeh
Okawaru
Qazlal
Ru
Uskayaw
Vehumet
Xom
Yredelemnul
Zin
The Shining One

Shops:
D:4 :   D:5 [[((

Annotations:
D:7 1 exclusion


Innate Abilities, Weirdness & Mutations

You cannot be hasted, slowed, berserked, paralysed or teleported.
You can dig through walls and to a lower floor.
Your four strong arms can wield two-handed weapons with a shield.
((You have a pair of large antennae on your head. (SInv)))


Message History

Your chain mail prevents you from hitting the molten gargoyle!
The molten gargoyle closely butts you!
Unknown command!
You aren't carrying any items that you can evoke!
You turn into a tree!
Your +2 pair of gloves melds into your body!
Your +0 pair of boots melds into your body!
Your +0 chain mail melds into your body!
Your mandibles meld away!
Your roots penetrate the ground!
You cannot move!
Butt cut the molten gargoyle into ribbons!
The molten gargoyle is lightly damaged!
The molten gargoyle hits you with a morningstar! * * * don't die
* * * You are engulfed in flames!!! * * * don't die
* * * You feel much better!
The molten gargoyle blasts butt at you!!!
Helpless, you fail to dodge the bolt of magma! rip

#.# #.# #.# ..[# ...# ...#
###...# ##♣#...# .
#9##...# . ##.#...# #####.
##9...# #.# #.#.#.#
#.#...# #.##
.#.#§#.#.#....# #...
....§§..###9..# #...
9≈≈§§≈.#......#########...
≈≈§≈≈≈≈9#.................


You could see a molten gargoyle.

Vanquished Creatures
  A two-headed ogre (D:10)
  A cyclops (D:9)
  Psyche (D:9)
  A molten gargoyle (D:10)
  The ghost of jazmu the Magician, an amateur DsFE (D:4)
  A yak (D:7)
  3 hogs (D:7)
  A hungry ghost (D:9)
  A human (D:7)
  A water moccasin (D:7)
  A black bear (D:7)
  3 orc warriors
  An ice beast (D:7)
  5 sky beasts
  2 phantoms
  3 ogres
  2 crocodiles
  3 centaurs
  3 bullfrogs
  A wyvern skeleton (D:9)
  A scorpion (D:4)
  3 killer bees
  3 wights (D:9)
  7 howler monkeys
  A bullfrog zombie (D:9)
  3 jellies
  A centaur zombie (D:6)
  7 orc priests
  3 hounds
  A bullfrog skeleton (D:8)
  A centaur skeleton (D:9)
  3 iguanas
  8 orc wizards
  6 worker ants
  A hound zombie (D:7)
  A hound skeleton (D:4)
  A howler monkey zombie (D:7)
  7 gnolls
  A howler monkey skeleton (D:6)
  9 adders
  2 shadow imps
  3 oozes
  An adder skeleton (D:2)
  5 worms
  4 dart slugs
  5 leopard geckos
  30 orcs
  3 ball pythons
  7 bats
  9 giant cockroaches
  12 goblins
  2 hobgoblins (D:1)
  2 jackals (D:4)
  10 kobolds
  5 quokkas
  5 frilled lizards
  2 leopard gecko skeletons
  6 rats
217 creatures vanquished.

Vanquished Creatures (others)
  A lava snake (D:10)
1 creature vanquished.

Grand Total: 218 creatures vanquished

Notes
Turn   | Place    | Note
-------+----------+-------------------------------------------
     0 | D:1      | Gorglomux the Formicid Gladiator began the quest for the Orb.
     0 | D:1      | Reached XP level 1. HP: 16/16 MP: 1/1
   306 | D:1      | Reached XP level 2. HP: 21/23 MP: 2/2
   360 | D:1      | Reached skill level 1 in Armour
   672 | D:1      | Reached XP level 3. HP: 26/28 MP: 3/3
  1396 | D:2      | Reached skill level 3 in Fighting
  1408 | D:2      | Noticed a bullfrog
  1420 | D:2      | Killed a bullfrog
  1420 | D:2      | Reached XP level 4. HP: 9/35 MP: 4/4
  1420 | D:2      | Reached XP level 5. HP: 10/41 MP: 5/5
  1932 | D:2      | Found a shattered altar of Ashenzari.
  2424 | D:3      | Reached skill level 3 in Armour
  2558 | D:3      | Reached XP level 6. HP: 47/48 MP: 6/6
  2773 | D:4      | Found Tewifoam's Book Boutique.
  2781 | D:4      | Noticed an ogre
  2793 | D:4      | Killed an ogre
  3003 | D:4      | Noticed jazmu's ghost (amateur DsFE)
  3116 | D:4      | Reached XP level 7. HP: 49/55 MP: 7/7
  3283 | D:4      | Killed jazmu's ghost
  3627 | D:5      | Entered Level 5 of the Dungeon
  3627 | D:5      | Found Nilit's Armour Shoppe.
  3630 | D:5      | Reached XP level 8. HP: 63/63 MP: 8/8
  3810 | D:5      | Found Lyptat's Weapon Boutique.
  3838 | D:5      | Found Sucro's Armour Shoppe.
  3929 | D:5      | Reached skill level 6 in Fighting
  3929 | D:5      | Reached skill level 6 in Axes
  4178 | D:5      | Found Sajacoth's Weapon Boutique.
  4682 | D:6      | Reached skill level 6 in Armour
  4826 | D:6      | Found a staircase to the Ecumenical Temple.
  4877 | Temple   | Entered the Ecumenical Temple
  4924 | Temple   | Became a worshipper of Warmaster Okawaru
  5761 | D:6      | Reached XP level 9. HP: 42/71 MP: 9/9
  6622 | D:7      | Reached * piety under Okawaru
  7249 | D:7      | Found an iron altar of Okawaru.
  7257 | D:7      | Reached skill level 1 in Invocations
  7436 | D:7      | Reached XP level 10. HP: 27/82 MP: 8/11
  8253 | D:8      | Reached ** piety under Okawaru
  8264 | D:8      | Reached skill level 9 in Fighting
  8828 | D:9      | Found a staircase to the Orcish Mines.
  9507 | D:9      | Reached skill level 9 in Armour
  9840 | D:9      | Noticed Psyche
  9853 | D:9      | Killed Psyche
  9853 | D:9      | Reached skill level 9 in Axes
 10242 | D:9      | Noticed a cyclops
 10576 | D:9      | Killed a cyclops
 10584 | D:9      | Reached *** piety under Okawaru
 10763 | D:10     | Entered Level 10 of the Dungeon
 10783 | D:10     | Reached XP level 11. HP: 77/90 MP: 9/12
 11150 | D:10     | Noticed a two-headed ogre
 11161 | D:10     | Killed a two-headed ogre
 11286 | D:10     | Killed from afar by a molten gargoyle

Skill      XL: |  1  2  3  4  5  6  7  8  9 10 11 |
---------------+----------------------------------+-----
Armour         | 1 2 3 4 6 8 9 10 | 10.2
Fighting       | 3 4 5 6 8 10 | 10.4
Axes           | 4 5 6 8 9 |  9.9
Invocations    | 2 |  2.2
Throwing       | |  2.0
Dodging        | |  2.6

Action                   |  1- 3 |  4- 6 |  7- 9 | 10-12 || total
-------------------------+-------+-------+-------+-------++-------
Melee: War axe           |    90 |   129 |   211 |    71 ||   501
       Dagger            |       |    34 |   221 |    92 ||   347
       Punch             |       |       |     1 |     7 ||     8
       Rapier            |       |       |       |   156 ||   156
Throw: Javelin           |       |       |     1 |       ||     1
Invok: Heroism           |       |       |     4 |    10 ||    14
 Abil: Dig               |       |     3 |     4 |     8 ||    15
  Use: Potion            |       |       |     3 |     2 ||     5
       Scroll            |       |       |       |     8 ||     8
 Stab: Invisible         |       |       |     1 |       ||     1
  Eat: Chunk             |     2 |     5 |    15 |    12 ||    34
       Ration            |       |       |       |     2 ||     2
Armor: Leather armour    |     9 |       |       |       ||     9
       Chain mail        |    45 |    94 |   193 |   183 ||   515
       Skin              |       |       |    12 |       ||    12
Dodge: Dodged            |    51 |    79 |   206 |   179 ||   515
